 Dungeon Crawl Stone Soup version 0.20.1-1-g8b1a95d (webtiles) character file.

625 manyhoops the Gusty (level 7, -6/50 HPs)
             Began as a Demigod Air Elementalist on Aug 28, 2017.
             Mangled by Pikel
             ... wielding a +0 whip of electrocution
              (20 damage)
             ... on level 5 of the Dungeon.
             The game lasted 00:07:31 (4515 turns).

manyhoops the Gusty (Demigod Air Elementalist)      Turns: 4515, Time: 00:07:31

Health: -6/50      AC:  3    Str: 11    XL:     7   Next: 2%
Magic:  7/16       EV: 12    Int: 23    God:
Gold:   237        SH:  0    Dex: 16    Spells: 3/13 levels left

rFire    . . .     SeeInvis .   y - +0 rapier (drain)
rCold    . . .     Gourm    .   (no shield)
rNeg     . . .     Faith    .   a - +0 robe
rPois    +         Spirit   .   (no helmet)
rElec    .         Reflect  .   (no cloak)
rCorr    .         Harm     .   e - +0 pair of gloves
MR       +....                  (no boots)
Stlth    ++........             (no amulet)
Regen    0.2/turn               o - ring of protection from magic
MPRegen  0.2/turn               l - ring of poison resistance

@: no status effects
A: high mp 1
a: no special abilities


You were on level 5 of the Dungeon.
You were not hungry.

You visited 1 branch of the dungeon, and saw 5 of its levels.

You collected 237 gold pieces.

Inventory:

Hand Weapons
 y - a +0 rapier of draining (weapon)
Armour
 a - a +0 robe (worn)
 e - a +0 pair of gloves (worn)
Jewellery
 l - a ring of poison resistance (right hand)
 o - a ring of protection from magic (left hand)
Scrolls
 g - a scroll of remove curse
 h - 2 scrolls of teleportation
 m - a scroll of amnesia {unknown}
 s - 2 scrolls of magic mapping
 u - a scroll of enchant armour {unknown}
 w - a scroll of fear {unknown}
 x - a scroll of random uselessness {unknown}
Potions
 d - 2 potions of curing
 i - a potion of brilliance
 j - 2 potions of flight
 q - a potion of haste
 r - a potion of degeneration {unknown}
 t - a potion of agility
 z - a potion of berserk rage {unknown}
Books
 b - a book of Air

   Spells                             Type                      Level
   a - Shock                          Conjuration/Air              1
   b - Swiftness                      Charms/Air                   2
   c - Static Discharge               Conjuration/Air              3
   d - Airstrike                      Air                          4
   e - Lightning Bolt                 Conjuration/Air              5
 v - a book of Flames

   Spells                             Type                      Level
   a - Flame Tongue                   Conjuration/Fire             1
   b - Throw Flame                    Conjuration/Fire             2
   c - Conjure Flame                  Conjuration/Fire             3
   d - Inner Flame                    Hexes/Fire                   3
   e - Sticky Flame                   Conjuration/Fire             4
   f - Fireball                       Conjuration/Fire             5
 A - a book of Cantrips

   Spells                             Type                      Level
   a - Confusing Touch                Hexes                        1
   b - Animate Skeleton               Necromancy                   1
   c - Summon Small Mammal            Summoning                    1
   d - Apportation                    Translocation                1
Comestibles
 c - 4 bread rations
 f - 5 meat rations
 k - 2 chunks of flesh
 n - a royal jelly
 p - 5 fruits


   Skills:
 - Level 1.7 Dodging
 - Level 1.7 Stealth
 + Level 3.8 Spellcasting
 * Level 4.4 Conjurations
 + Level 4.9 Air Magic


You had 3 spell levels left.
You knew the following spells:

 Your Spells              Type           Power        Failure   Level  Hunger
a - Shock                 Conj/Air       ####         1%          1    None
b - Swiftness             Chrm/Air       ###.....     6%          2    #......
c - Static Discharge      Conj/Air       ####....     4%          3    ###....
d - Airstrike             Air            ####......   14%         4    ####...


Dungeon Overview and Level Annotations

Branches:
Dungeon (5/15)
 Temple: D:4-7

Annotations:
D:5 Pikel


Innate Abilities, Weirdness & Mutations

You have an increased reservoir of magic. (+10% MP)


Message History

The zap hits the slave.
The slave is almost dead.
Pikel hits you but does no damage.
You are electrocuted!
* * * LOW HITPOINT WARNING * * *
Unknown command.
You feel better. Pikel waves his whip at you. Pikel barely misses you.
Casting: Shock
Confirm with . or Enter, or press ? or * to list all spells.
Aiming: Shock
Press: ? - help, Shift-Dir - straight line, f/p - Pikel
Aim: Pikel, wielding a whip of electrocution and wearing a robe (severely wounded)
The zap hits Pikel.
Pikel is almost dead.
The zap misses the slave.
Pikel hits you with a whip of electrocution!
* * * LOW HITPOINT WARNING * * *
You are electrocuted!
You die...

.....# #.# ######
#.# ..# #.# #.###
#.# .....( #.#
...#### #.######
....#... #.#....#
........###.##.#.#
...##.#.....##.#@#
......##..####.#K#
##..........##.#p#
##.....#.##.##.#[#
.......## #....#[#
.......#########.#
.....<....<....#.#
O.....######.Kp#.#
......Z ####...#.#


You could see Pikel and a slave.

Vanquished Creatures
  An orc warrior (D:5)
  3 slaves (D:5)
  A phantom (D:4)
  2 ogres (D:5)
  A howler monkey (D:4)
  A bullfrog zombie (D:5)
  An orc wizard (D:5)
  An iguana (D:4)
  A worker ant (D:4)
  3 gnolls (D:4)
  4 adders
  2 worms (D:2)
  A dart slug (D:1)
  A leopard gecko (D:4)
  6 orcs
  5 bats
  3 giant cockroaches
  4 goblins
  4 hobgoblins (D:1)
  6 jackals (D:3)
  7 kobolds
  A quokka (D:3)
  3 frilled lizards
  2 jackal skeletons (D:5)
  A quokka skeleton (D:5)
  5 rats
70 creatures vanquished.

Notes
Turn   | Place    | Note
-------+----------+-------------------------------------------
     0 | D:1      | manyhoops the Demigod Air Elementalist began the quest for the Orb.
     0 | D:1      | Reached XP level 1. HP: 14/14 MP: 5/5
   394 | D:1      | Reached skill level 1 in Conjurations
   501 | D:1      | Reached XP level 2. HP: 17/20 MP: 0/7
  1180 | D:2      | Reached XP level 3. HP: 24/26 MP: 0/8
  1397 | D:2      | Found a hazy altar of Hepliaklqana.
  1468 | D:2      | Found a faded altar of an unknown god.
  1775 | D:2      | Learned a level 2 spell: Swiftness
  1779 | D:2      | Learned a level 3 spell: Static Discharge
  2594 | D:4      | Reached XP level 4. HP: 19/33 MP: 1/10
  3224 | D:4      | Found a shimmering altar of Xom.
  3253 | D:4      | Reached XP level 5. HP: 38/38 MP: 4/11
  3724 | D:5      | Entered Level 5 of the Dungeon
  3724 | D:5      | Noticed a slave
  3724 | D:5      | Noticed an ogre
  3736 | D:5      | Noticed Pikel
  3736 | D:5      | Noticed a slave
  3736 | D:5      | Noticed a slave
  3752 | D:4      | Noticed a phantom
  3767 | D:4      | Killed a phantom
  3921 | D:5      | Killed an ogre
  3921 | D:5      | Reached XP level 6. HP: 45/45 MP: 4/14
  3928 | D:5      | Learned a level 4 spell: Airstrike
  4266 | D:5      | Reached XP level 7. HP: 50/50 MP: 10/16
  4515 | D:5      | Mangled by Pikel

Skill      XL: |  1  2  3  4  5  6 |
---------------+-------------------+-----
Conjurations   | 1 2 3 4 |  4.4
Air Magic      | 3 4 |  4.9
Spellcasting   | 2 3 |  3.8
Dodging        | |  1.7
Stealth        | |  1.7

Action                   |  1- 3 |  4- 6 |  7- 9 || total
-------------------------+-------+-------+-------++-------
Melee: Dagger            |    26 |       |       ||    26
       Rapier            |       |     3 |       ||     3
 Cast: Shock             |   102 |    92 |    17 ||   211
       Static Discharge  |       |     1 |       ||     1
  Use: Scroll            |     7 |     1 |       ||     8
       Potion            |     3 |     1 |     1 ||     5
  Eat: Chunk             |     5 |     4 |     3 ||    12
Armor: Robe              |     8 |     6 |     1 ||    15
Dodge: Dodged            |    27 |    18 |     5 ||    50
